 Dungeon Crawl Stone Soup version 0.21-a0-286-g6fcecc0 (webtiles) character file.

226 Hasart the Poker (level 6, -6/48 HPs)
             Began as a Merfolk Gladiator on Sept 27, 2017.
             Was a Follower of Qazlal.
             Mangled by a wight
             ... wielding a cursed +2 mace
              (10 damage)
             ... on level 3 of the Dungeon.
             The game lasted 00:04:03 (1849 turns).

Hasart the Poker (Merfolk Gladiator)                Turns: 1849, Time: 00:04:04

Health: -6/48      AC:  6    Str: 16    XL:     6   Next: 1%
Magic:  6/6        EV: 12    Int:  7    God:    Qazlal [*.....]
Gold:   127        SH:  5    Dex: 16    Spells: 5/5 levels left

rFire    . . .     SeeInvis +   p - +2 spear (flame)
rCold    . . .     Gourm    .   g - +0 buckler
rNeg     . . .     Faith    .   j - +0 ring mail
rPois    .         Spirit   .   c - +0 helmet
rElec    .         Reflect  .   (no cloak)
rCorr    .         Harm     .   (no gloves)
MR       .....     Rnd*Tele +   (no boots)
Stlth    +.........             (no amulet)
HPRegen  0.16/turn              k - ring of teleportation (curse)
MPRegen  0.10/turn              n - ring of see invisible

@: heavily drained
A: change form in water, swift swim, stealthy swim
a: Renounce Religion


You were on level 3 of the Dungeon.
You worshipped Qazlal.
Qazlal was aware of your devotion.
You were not hungry.

You visited 1 branch of the dungeon, and saw 3 of its levels.

You collected 127 gold pieces.

Inventory:

Hand Weapons
 p - a +2 spear of flaming (weapon)
Missiles
 d - 2 throwing nets (quivered)
Armour
 c - a +0 helmet (worn)
 g - a +0 buckler (worn)
 j - a +0 ring mail (worn)
Jewellery
 k - a cursed ring of teleportation (left hand)
 n - a ring of see invisible (right hand)
 o - an uncursed ring of ice
Scrolls
 i - a scroll of remove curse {unknown}
 m - 2 scrolls of identify
Potions
 a - a potion of heal wounds {unknown}
 e - a potion of berserk rage
 h - a potion of mutation {unknown}
 l - 2 potions of lignification {unknown}
Comestibles
 b - 4 fruits
 f - 2 bread rations


   Skills:
 + Level 3.7(1.9) Fighting
 * Level 7.3(5.3) Polearms
 - Level 2.0(0.3) Throwing
 + Level 5.5(3.6) Dodging
 + Level 0.0 Invocations


You had 5 spell levels left.
You didn't know any spells.

Dungeon Overview and Level Annotations

Branches:
Dungeon (3/15)

Altars:
Dithmenos
Qazlal


Message History

The wight hits you with an enchanted mace.
* * * LOW HITPOINT WARNING * * *
You completely miss the wight.
The wight is lightly damaged.
The wight hits you with an enchanted mace.
* * * LOW HITPOINT WARNING * * *
You feel drained.
* * * LOW HITPOINT WARNING * * *
You completely miss the wight.
The wight is lightly damaged.
You barely miss the wight.
The wight is lightly damaged.
The wight hits you with an enchanted mace.
* * * LOW HITPOINT WARNING * * *
You feel drained.
* * * LOW HITPOINT WARNING * * *
You barely miss the wight.
The wight is lightly damaged.
The wight hits you with an enchanted mace!
You die...

#... #.#.#.# #.#.# +.....
.....# #.#.# #.....
#...#######.#.###### +.....
#...##.............# ##.....
#...##.###.##.###.##
.......###......###.##.###.#
...........>........##.#...#
#.............########.#.###
#.............zz@......#<#
#.............##########.#
#.....#.............. ###
#.##....##.##...##### .
#...<#####....# #....#
##..## +..#+# ...♣ ##. ...♣
#. ♣.♣♣


You could see 2 wights.

Vanquished Creatures
  An ogre (D:2)
  A wight (D:3)
  Robin (D:2)
  An adder (D:2)
  2 oozes (D:1)
  A worm (D:2)
  A dart slug (D:3)
  A leopard gecko (D:2)
  2 ball pythons (D:2)
  2 bats
  A giant cockroach (D:2)
  15 goblins
  12 hobgoblins
  3 jackals (D:2)
  6 frilled lizards
  7 kobolds
  5 rats
62 creatures vanquished.

Notes
Turn   | Place    | Note
-------+----------+-------------------------------------------
     0 | D:1      | Hasart the Merfolk Gladiator began the quest for the Orb.
     0 | D:1      | Reached XP level 1. HP: 16/16 MP: 1/1
   178 | D:1      | Reached XP level 2. HP: 23/23 MP: 2/2
   201 | D:1      | Reached skill level 5 in Polearms
   385 | D:1      | Reached XP level 3. HP: 28/28 MP: 3/3
   944 | D:2      | Found a stormy altar of Qazlal.
   944 | D:2      | Found a shadowy altar of Dithmenos.
   965 | D:2      | Became a worshipper of Qazlal Stormbringer
  1050 | D:2      | Noticed an ogre
  1050 | D:2      | Noticed Robin
  1079 | D:2      | Killed Robin
  1079 | D:2      | Reached XP level 4. HP: 25/35 MP: 4/4
  1093 | D:2      | Killed an ogre
  1093 | D:2      | Reached skill level 6 in Polearms
  1093 | D:2      | Reached skill level 5 in Dodging
  1093 | D:2      | Reached XP level 5. HP: 31/41 MP: 5/5
  1427 | D:2      | Reached * piety under Qazlal
  1744 | D:3      | Reached skill level 7 in Polearms
  1744 | D:3      | Reached XP level 6. HP: 35/48 MP: 6/6
  1849 | D:3      | Mangled by a wight

Vault maps used:
D:1:      minmay_arrival_cross
D:2:      minitemple, first_bread, kennysheep_generic_room_14, uniq_robin
D:3:      lemuel_round_altar, uniq_grinder, uniq_crazy_yiuf_cottage

Skill      XL: |  1  2  3  4  5 |
---------------+----------------+-----
Polearms       | 5 6 7 |  7.3
Fighting       | 3 |  3.7
Dodging        | 5 |  5.5
Throwing       | |  2.0

Action                   |  1- 3 |  4- 6 || total
-------------------------+-------+-------++-------
Melee: Trident           |   131 |       ||   131
       Spear             |       |    70 ||    70
Throw: Throwing net      |       |     1 ||     1
  Use: Scroll            |     4 |     1 ||     5
 Stab: Sleeping          |     1 |       ||     1
  Eat: Chunk             |     1 |     2 ||     3
Armor: Leather armour    |     9 |       ||     9
       Ring mail         |    27 |     4 ||    31
Dodge: Dodged            |    49 |    28 ||    77
Block: Buckler           |       |     3 ||     3

Table legend:
 A = Spawn XP
 B = Non-spawn XP
 C = Spawn XP percentage of total XP
 D = Spawn monster count
 E = Non-spawn monster count
 F = Spawn count percentage of total count
 G = Total turns spent on level
                    A         B        C        D         E        F      G
               +---------+---------+-------+---------+---------+-------+---------
         Total |       0 |     324 |   0.0 |       0 |      62 |   0.0 |  1849
               +---------+---------+-------+---------+---------+-------+---------
           D:1 |       0 |      43 |   0.0 |       0 |      20 |   0.0 |   616
           D:2 |       0 |     218 |   0.0 |       0 |      40 |   0.0 |  1080
           D:3 |       0 |      63 |   0.0 |       0 |       2 |   0.0 |   153
               +---------+---------+-------+---------+---------+-------+---------
